 Dungeon Crawl Stone Soup version 0.27-a0-1590-g15f69828bf (webtiles) character file.

Game seed: 1687757465789231837

812 tsouns the Magician (level 7, 0/30 (32) HPs)
             Began as a Spriggan Venom Mage on July 19, 2021.
             Slain by a human skeleton (6 damage)
             ... on level 5 of the Dungeon.
             The game lasted 00:12:32 (6235 turns).

tsouns the Magician (Spriggan Venom Mage)           Turns: 6235, Time: 00:12:33

HP:   0/30 (32)     AC:  3    Str:  4    XL:     7   Next: 61%
MP:   13/16         EV: 18    Int: 19    God:
Gold: 134           SH:  0    Dex: 21    Spells: 7/17 levels left

rFire    . . .     SeeInvis +   m - +0 rapier
rCold    . . .     Faith    .   (shield restricted)
rNeg     + . .     Spirit   .   a - +1 robe
rPois    +         Reflect  .   (helmet restricted)
rElec    .         Harm     .   (no cloak)
rCorr    .         Rampage  .   (gloves unavailable)
Will     +....                  (boots unavailable)
Stlth    +++.......             (no amulet)
HPRegen  0.10/turn              h - +6 ring of dexterity
MPRegen  0.15/turn              b - ring of Interdependent Arising {Fly rPois rN+}

@: flying, drained, very quick
A: very small, no large weapons, unfitting armour, see invisible, speed 3
a: no special abilities


You were on level 5 of the Dungeon.
You visited 1 branch of the dungeon, and saw 5 of its levels.

You collected 246 gold pieces.
You spent 112 gold pieces at shops.

Inventory:

Hand Weapons
 d - a +0 short sword
 m - a +0 rapier (weapon)
Missiles
 j - 6 boomerangs
Armour
 a - a +1 robe (worn)
Magical Staves
 k - a staff of poison
Jewellery
 b - the ring of Interdependent Arising (right hand) {Fly rPois rN+}
   (You found it on level 4 of the Dungeon)

   [ring of flight]

   rPois:     It protects you from poison.
   rN:        It protects you from negative energy.
   Fly:       It grants you flight.
 h - a +6 ring of dexterity (left hand)
 q - an amulet of faith
Scrolls
 c - a scroll of summoning
 e - 2 scrolls of teleportation
 g - 2 scrolls of torment
 i - a scroll of holy word
Potions
 f - a potion of might
 l - a potion of magic
 n - a potion of flight
 o - 4 potions of curing
 p - 2 potions of heal wounds


   Skills:
 - Level 2.6 Dodging
 - Level 3.0 Stealth
 + Level 5.6 Spellcasting
 + Level 2.2 Conjurations
 + Level 5.3 Transmutations
 + Level 2.6 Air Magic
 + Level 5.1 Poison Magic


You had 7 spell levels left.
You knew the following spells:

 Your Spells              Type           Power      Damage    Failure   Level
a - Sting                 Tmut/Pois      100%       1d8       1%          1
b - Poisonous Vapours     Pois/Air       40%        N/A       3%          2
c - Mephitic Cloud        Conj/Pois/Air  18%        N/A       9%          3
d - Olgreb's Toxic Radia  Pois           24%        N/A       14%         4

Your spell library contained the following spells:

 Spells                   Type           Power      Damage    Failure   Level
 Call Canine Familiar     Summ           5%         N/A       34%         3
 Portal Projectile        Hex/Tloc       10%        N/A       34%         3
 Leda's Liquefaction      Hex/Erth       2%         N/A       75%         4
 Freezing Cloud           Conj/Ice/Air   5%         6-21      86%         5


Dungeon Overview and Level Annotations

Branches:
Dungeon (5/15)
 Temple: D:4-7

Altars:
Hepliaklqana
Nemelex Xobeh
Wu Jian
The Shining One

Shops:
D:3 !!**


Innate Abilities, Weirdness & Mutations

You are very small and have problems with some larger weapons.
You are too small for most types of armour.
You have supernaturally acute eyesight. (SInv)
You cover ground extremely quickly. (Speed+++)


Message History

The human skeleton is lightly damaged.
The human skeleton hits you but does no damage.
A necrophage opens the door.
You hit the human skeleton.
The human skeleton is moderately damaged.
The human skeleton closely misses you.
You hit the human skeleton but do no damage.
The human skeleton is moderately damaged.
The human skeleton completely misses you.
The necrophage hits you. You partially resist.
You feel drained.
You hit the human skeleton.
The human skeleton is moderately damaged.
The necrophage hits you! You partially resist.
You feel drained. The human skeleton misses you.
You hit the human skeleton.
The human skeleton is heavily damaged.
The necrophage closely misses you. The human skeleton hits you.
You hit the human skeleton.
The human skeleton is heavily damaged.
The necrophage hits you.
The human skeleton hits you but does no damage.
The necrophage closely misses you.
You hit the human skeleton.
The human skeleton is heavily damaged.
The human skeleton barely misses you. The necrophage completely misses you.
You barely miss the human skeleton.
The human skeleton is heavily damaged.
The necrophage hits you. The human skeleton closely misses you.
You hit the human skeleton but do no damage.
The human skeleton is heavily damaged.
The necrophage completely misses you. The human skeleton misses you.
You hit the human skeleton.
The human skeleton is severely damaged.
The necrophage closely misses you. The human skeleton closely misses you.
You hit the human skeleton but do no damage.
The human skeleton is severely damaged.
The necrophage hits you.
* * * LOW HITPOINT WARNING * * *
The human skeleton hits you.
You die...

##....# #........
#.....####........
#...#..#..........
###.................
#...........[.......
#........†.......>..
###.................
#n#######.........
#@# #.....#... #Z#
#......... #.+
#......... ###
#.##.....#
#.......## #.......#
###....##.
#########......
#......#.....##


You could see a necrophage and a human skeleton.

Vanquished Creatures
  Duvessa (D:4)
  A black bear (D:5)
  Blork the orc (D:4)
  A scorpion (D:4)
  Dowan (D:4)
  2 hounds
  A jelly (D:4)
  An iguana (D:4)
  Natasha (thrice) (D:4)
  An orc wizard (D:4)
  Robin (D:4)
  2 gnolls (D:2)
  9 adders
  An adder skeleton (D:4)
  A worm (D:2)
  4 orcs
  12 endoplasms
  A giant cockroach (D:2)
  12 goblins
  5 hobgoblins
  13 jackals
  3 quokkas
  9 ball pythons
  5 bats
  5 frilled lizards
  6 kobolds
  6 rats
108 creatures vanquished.

Notes
Turn   | Place    | Note
-------+----------+-------------------------------------------
     0 | D:1      | tsouns the Spriggan Venom Mage began the quest for the Orb.
     0 | D:1      | Reached XP level 1. HP: 9/9 MP: 5/5
   286 | D:1      | Reached XP level 2. HP: 13/13 MP: 2/7
   464 | D:1      | Learned a level 2 spell: Poisonous Vapours
  1236 | D:1      | Reached XP level 3. HP: 16/16 MP: 2/8
  1240 | D:1      | Learned a level 3 spell: Mephitic Cloud
  2001 | D:2      | Reached XP level 4. HP: 21/21 MP: 7/10
  2400 | D:2      | Learned a level 4 spell: Olgreb's Toxic Radiance
  2736 | D:3      | Found a hazy altar of Hepliaklqana.
  3113 | D:3      | Found Xazeshro's Distillery.
  3129 | D:3      | Bought a potion of curing for 33 gold pieces
  3129 | D:3      | Bought a potion of heal wounds for 55 gold pieces
  3306 | D:3      | Found a glowing golden altar of the Shining One.
  3472 | D:3      | Found Atysid's General Store.
  3603 | D:3      | Found Luif's Distillery.
  3764 | D:3      | Found Ocur's Assorted Antiques.
  3816 | D:3      | Bought a scroll labelled KAUH HOHEWIOMO for 24 gold pieces
  3966 | D:3      | Reached XP level 5. HP: 24/24 MP: 6/12
  4012 | D:3      | Found a faded altar of an unknown god.
  4063 | D:4      | Reached skill level 1 in Air Magic
  4069 | D:4      | Reached skill level 1 in Conjurations
  4190 | D:4      | Identified the +5 ring mail "Geigoyriowk" {Regen+}
  4326 | D:4      | Reached XP level 6. HP: 28/28 MP: 9/13
  4335 | D:4      | Noticed Duvessa
  4353 | D:4      | Killed Duvessa
  4432 | D:4      | Noticed Dowan
  4437 | D:4      | Killed Dowan
  4512 | D:4      | Noticed Robin
  4524 | D:4      | Killed Robin
  4543 | D:4      | Reached skill level 5 in Spellcasting
  4888 | D:4      | Identified the ring of Interdependent Arising {Fly rPois
                  | rN+}
  5054 | D:4      | Noticed Blork the orc
  5087 | D:4      | Killed Blork the orc
  5088 | D:4      | Reached XP level 7. HP: 21/32 MP: 4/15
  5278 | D:4      | Found a sparkling altar of Nemelex Xobeh.
  5402 | D:4      | Found an ornate altar of the Wu Jian Council.
  5654 | D:4      | Noticed Natasha
  5660 | D:4      | Killed Natasha
  5661 | D:4      | Reached skill level 5 in Transmutations
  5869 | D:5      | Entered Level 5 of the Dungeon
  5900 | D:5      | Reached skill level 5 in Poison Magic
  6019 | D:4      | Noticed Natasha
  6025 | D:4      | Killed Natasha
  6101 | D:4      | Noticed Natasha
  6110 | D:4      | Killed Natasha
  6235 | D:5      | Slain by a human skeleton

Illustrated notes

Levels and vault maps discovered:
D:1:      ebering_trefoil_3fold, layout_basic, chequers_mini_garden,
          minmay_misc_feat_secret_circle
D:2:      minmay_angry_zag, layout_loops_cross, cheibrodos_gnoll_hut
D:3:      layout_basic, amcnicky_altar_gilded, mainiacjoe_overflow_24_doors,
          serial_shops, shop, nicolae_shop_window_shopping,
          nicolae_shop_waterfront, shop, ebering_ecumenical_altar_box,
          amcnicky_mini_corridor_feature
D:4:      layout_loops_ring, mainiacjoe_overflow_small_starburst,
          pdpol_wu_jian_five_deadly_venoms, uniq_natasha, uniq_duvessa,
          uniq_blork_the_orc, uniq_robin
D:5:      layout_cave_pools, mainiacjoe_overflow_swirl,
          nicolae_ossuary_entry_catacombs, st_stairs_7

Skill      XL: |  1  2  3  4  5  6  7 |
---------------+----------------------+-----
Spellcasting   | 3 4 5 |  5.6
Transmutations | 2 3 4 5 |  5.3
Poison Magic   | 4 5 |  5.1
Air Magic      | 1 2 |  2.6
Conjurations   | 1 2 |  2.2
Dodging        | |  2.6
Stealth        | |  3.0

Action                   |  1- 3 |  4- 6 |  7- 9 || total
-------------------------+-------+-------+-------++-------
Melee: Unarmed           |     3 |       |       ||     3
       Short sword       |     5 |       |       ||     5
       Staff             |       |    26 |    11 ||    37
       Rapier            |       |       |    11 ||    11
 Cast: Sting             |    73 |   101 |    25 ||   199
       Poisonous Vapours |     3 |    40 |    22 ||    65
       Mephitic Cloud    |       |     1 |       ||     1
  Use: Scroll            |       |    11 |       ||    11
 Stab: Sleeping          |       |       |     1 ||     1
Armor: Robe              |     4 |     3 |     5 ||    12
Dodge: Dodged            |    19 |    48 |    34 ||   101

Table legend: (Time is in decaauts)
 A = Elapsed time spent in this place.
 B = Non-inter-level travel time spent in this place.
 C = Inter-level travel time spent in this place.
 D = Time resting spent in this place.
 E = Time spent auto-exploring this place.
 F = Levels seen in this place.
 G = Mean time per level.
                   A        B        C        D        E       F      G
               +--------+--------+--------+--------+--------+-----+--------+
         Total |   4952 |   4877 |     75 |      0 |   4015 |   5 |  990.4 |
       Dungeon |   4952 |   4877 |     75 |      0 |   4015 |   5 |  990.4 |
               +--------+--------+--------+--------+--------+-----+--------+

Top non-repeatable levels by time:
     D:4: 1653 daAuts
     D:2: 1264 daAuts
     D:1: 1024 daAuts
     D:3: 842 daAuts
     D:5: 167 daAuts
